AoeStats
← Q-chu

Arabia

509330459Analyzed
1v1 RM · 6d ago on Sep 26, 2026· 32m 12s· 2 players
Game mode
Random Map
Map size
Tiny (2 player)
Population
200
Speed
Normal
Resources
Standard
Victory
Conquest
Starting age
Dark Age
Ending age
Imperial Age
RankedLock teamsTeams togetherTeam positionsShared explorationLock speedFull tech treeHidden civsTurbo modeCheats
Victory
Defeat
🇧🇬 Turks · Bulgaria
1225
+17
🇪🇸 Chinese · Spain
1256
-17
Q-chu
4:12 Loom
10:27 Feudal Age
15:09 Fletching
23:02 Town Watch
23:06 Double-Bit Axe
24:37 Wheelbarrow
25:08 Padded Archer Armor
27:17 Castle Age
26:32 Horse Collar
27:20 Forging
27:39 Crossbowman
31:08 Bodkin Arrow
n13s
0:26 Loom
10:17 Feudal Age
10:53 Double-Bit Axe
14:51 Town Watch
22:29 Castle Age
22:17 Fletching
22:28 Padded Archer Armor
23:41 Bloodlines
29:55 Wheelbarrow
Connection lost

Rejoining the realm…

Still unreachable

The connection could not be restored.

Session expired

The server has moved on; the page needs a fresh start.